 Dungeon Crawl Stone Soup version 0.30-a0-166-g5d06c95188 (webtiles) character file.

Game seed: 11766662334273426155

49 Malachi the Ducker (level 3, -3/17 HPs)
             Began as a Felid Monk on Sept 29, 2022.
             Was a Priest of Wu Jian.
             Slain by a phantom (6 damage)
             ... on level 3 of the Dungeon.
             The game lasted 00:02:24 (1978 turns).

Malachi the Ducker (Felid Monk)                     Turns: 1978, Time: 00:02:25

Health: -3/17      AC:  1    Str:  6 (7)  XL:     3   Next: 51%
Magic:  4/4        EV: 19    Int: 10 (13) God:    Wu Jian [***...]
Gold:   109        SH:  0    Dex: 17 (18) Spells: 2/2 levels left
                                        Lives:  0   Deaths: 0

rFire   . . .      SeeInvis +      - Unarmed
rCold   . . .      Faith    .    (shield unavailable)
rNeg    . . .      Spirit   .    (body armour unavailable)
rPois   .          Reflect  .    (helmet unavailable)
rElec   .          Harm     .    (cloak unavailable)
rCorr   .          Rampage  .    (gloves unavailable)
Will    .....                    (boots unavailable)
Stlth   +++.......               (no amulet)
HPRegen 0.05/turn                (no ring)
MPRegen 0.09/turn                (no ring)

@: hasted, serpent's lash, very quick
A: very small, claws 1, fangs 3, see invisible, speed 1, shaggy fur 1, stealthy
paws, no weapons or thrown items, no armour, multi-lived
a: Renounce Religion, Wall Jump, Serpent's Lash


You were on level 3 of the Dungeon.
You worshipped Wu Jian.
Wu Jian was most pleased with you.
You visited 1 branch of the dungeon, and saw 3 of its levels.

You collected 109 gold pieces.

Inventory:

Jewellery
 b - a ring of magical power
 g - an amulet of the acrobat
Scrolls
 e - a scroll of enchant armour {unknown}
 f - 2 scrolls of noise {unknown}
 h - a scroll of vulnerability {unknown}
 i - a scroll of summoning {unknown}
 k - a scroll of fear {unknown}
 l - a scroll of identify {unknown}
Potions
 a - 2 potions of ambrosia


   Skills:
 + Level 3.4 Fighting
 + Level 4.6 Dodging
 + Level 3.6 Stealth
 + Level 3.4 Unarmed Combat


You had 2 spell levels left.
You didn't know any spells.
Your spell library contained the following spells:

 Spells                   Type           Power      Damage    Failure   Level
 Tukima's Dance           Hex            0%         N/A       75%         3
 Passage of Golubria      Tloc           0%         N/A       98%         4
 Yara's Violent Unravell  Hex/Tmut       0%         3d3       100%        5


Dungeon Overview and Level Annotations

Branches:
Dungeon (3/15)

Altars:
Wu Jian

Annotations:
D:3 exclusion: phantom


Innate Abilities, Weirdness & Mutations

You have sharp claws.
You have razor-sharp teeth.
You have supernaturally acute eyesight. (SInv)
You cover ground quickly. (Speed+)
You are covered in fur. (AC +1)
Your paws help you pounce on unaware monsters.
You are incapable of wielding weapons or throwing items.
You cannot wear armour.
You gain extra lives every three experience levels.


Message History

You scratch the phantom but do no damage.
The phantom is heavily damaged.
The phantom hits you.
* * * LOW HITPOINT WARNING * * *
The phantom blinks!
You blink.
You scratch the phantom.
The phantom is severely damaged.
You closely miss the phantom.
The phantom is severely damaged.
The phantom barely misses you.
You barely miss the phantom.
The phantom is severely damaged.
The phantom misses you.
You closely miss the phantom. You bite the phantom.
The phantom is severely damaged.
The phantom misses you.
It was a potion of degeneration.
There was something very wrong with that liquid.
You feel weakened.
You feel dopey.
You feel clumsy. The phantom barely misses you.
It was a potion of curing.
You feel better. The phantom barely misses you.
You scratch the phantom but do no damage.
The phantom is severely damaged.
The phantom misses you.
You miss the phantom.
The phantom is severely damaged.
The phantom barely misses you.
You closely miss the phantom. You bite the phantom.
The phantom is severely damaged.
The phantom hits you.
You scratch the phantom but do no damage.
The phantom is severely damaged.
The phantom hits you.
* * * LOW HITPOINT WARNING * * *
The phantom blinks!
You blink.
You barely miss the phantom.
The phantom is severely damaged.
The phantom closely misses you.
It was a potion of haste.
You feel yourself speed up. The phantom hits you.
You die...

# #. ##. ... #.#######
#..W# ... ###@#.#.#
#.#.#.#.####### #
#.#####.#.#.........# #.#.
#.......#.###.##.####.....
##.§.....##.#<.......
###.######..........
#.#############.#[
#..†....... ###########


You could see a phantom.

Vanquished Creatures
  An adder (D:2)
  3 dart slugs
  A giant cockroach (D:2)
  4 goblins
  3 hobgoblins
  2 quokkas
  3 ball pythons
  5 bats
  3 frilled lizards
  3 kobolds
  5 rats
33 creatures vanquished.

Notes
Turn   | Place    | Note
-------+----------+-------------------------------------------
     0 | D:1      | Malachi the Felid Monk began the quest for the Orb.
     0 | D:1      | Reached XP level 1. HP: 10/10 MP: 2/2
   287 | D:1      | Reached XP level 2. HP: 14/14 MP: 3/3
   839 | D:2      | Found a faded altar of an unknown god.
   886 | D:2      | Prayed at the altar of an unknown god.
   886 | D:2      | Became a worshipper of the Wu Jian Council
   886 | D:2      | Reached * piety under Wu Jian
   886 | D:2      | Reached ** piety under Wu Jian
  1185 | D:2      | Reached XP level 3. HP: 17/17 MP: 4/4
  1455 | D:2      | Reached *** piety under Wu Jian
  1926 | D:3      | Noticed a phantom
  1978 | D:3      | Slain by a phantom

Illustrated notes

Levels and vault maps discovered:
D:1:      minmay_arrival_three_doors, layout_loops_ring, serial_aquarium,
          aquarium_bridge_long_separate [aquarium_subvault_window,
          aquarium_subvault_window, aquarium_subvault_bridge,
          aquarium_subvault_bridge, aquarium_subvault_wall,
          aquarium_subvault_window], aquarium_window_fake,
          aquarium_window_double, aquarium_view_2c
D:2:      layout_basic, shapermc_ecumenical_altar_starsandcircs,
          chequers_serial_rivers_small_b, minmay_tromino_i2
D:3:      layout_basic, minmay_starry_boxes

Skill      XL: |  1 |
---------------+----+-----
Stealth        | 3 |  3.6
Fighting       | |  3.4
Dodging        | |  4.6
Unarmed Combat | |  3.4

Action                   || total
-------------------------++-------
Melee: Unarmed           ||    79
       Bite              ||     8
       Punch             ||     2
Invok: Lunge             ||     5
       Serpent's Lash    ||     1
  Use: Potion            ||     3
 Stab: Sleeping          ||    13
Armor: Skin              ||     1
Dodge: Dodged            ||    40

Table legend: (Time is in decaauts)
 A = Elapsed time spent in this place.
 B = Non-inter-level travel time spent in this place.
 C = Inter-level travel time spent in this place.
 D = Time resting spent in this place.
 E = Time spent auto-exploring this place.
 F = Levels seen in this place.
 G = Mean time per level.
                   A        B        C        D        E       F      G
               +--------+--------+--------+--------+--------+-----+--------+
         Total |   1658 |   1617 |     41 |      0 |   1393 |   3 |  552.7 |
       Dungeon |   1658 |   1617 |     41 |      0 |   1393 |   3 |  552.7 |
               +--------+--------+--------+--------+--------+-----+--------+

Top non-repeatable levels by time:
     D:2: 981 daAuts
     D:1: 610 daAuts
     D:3: 66 daAuts
